 Dungeon Crawl Stone Soup version 0.21.1-1-g345015f (webtiles) character file.

5 Iko the Vexing (level 1, -1/17 HPs)
             Began as a Gnoll Arcane Marksman on May 11, 2018.
             Slain by a kobold (2 damage)
             ... on level 2 of the Dungeon.
             The game lasted 00:01:19 (138 turns).

Iko the Vexing (Gnoll Arcane Marksman)               Turns: 138, Time: 00:01:20

Health: -1/17      AC:  2    Str: 12    XL:     1   Next: 80%
Magic:  4/4        EV: 14    Int: 15    God:
Gold:   0          SH:  0    Dex: 15    Spells: 4/5 levels left

rFire    . . .     SeeInvis .   a - +0 shortbow
rCold    . . .     Gourm    .   (shield currently unavailable)
rNeg     . . .     Faith    .   e - +0 robe
rPois    .         Spirit   .   (no helmet)
rElec    .         Reflect  .   (no cloak)
rCorr    .         Harm     .   (no gloves)
MR       .....                  (no boots)
Stlth    +.........             (no amulet)
HPRegen  0.05/turn              b - ring of wizardry
MPRegen  0.09/turn              (no ring)

@: no status effects
A: distributed training, fangs 1, strong nose
a: no special abilities


You were on level 2 of the Dungeon.
You were not hungry.

You visited 1 branch of the dungeon, and saw 2 of its levels.

Inventory:

Hand Weapons
 a - a +0 shortbow (weapon)
Missiles
 d - 25 arrows (quivered)
Armour
 e - a +0 robe (worn)
Jewellery
 b - a ring of wizardry (left hand)
Books
 c - a book of Debilitation

   Spells                             Type                      Level
   a - Corona                         Hexes                        1
   b - Slow                           Hexes                        2
   c - Inner Flame                    Hexes/Fire                   3
   d - Portal Projectile              Hexes/Translocation          3
   e - Cause Fear                     Hexes                        4
   f - Leda's Liquefaction            Hexes/Earth                  4
Comestibles
 f - a ration


   Skills:
 + Level 2.4 Fighting
 + Level 0.1 Short Blades
 + Level 0.1 Long Blades
 + Level 0.1 Axes
 + Level 0.1 Maces & Flails
 + Level 0.1 Polearms
 + Level 0.1 Staves
 + Level 0.1 Slings
 + Level 4.4 Bows
 + Level 0.1 Crossbows
 + Level 0.1 Throwing
 + Level 0.1 Armour
 + Level 4.4 Dodging
 + Level 0.1 Stealth
 + Level 0.1 Shields
 + Level 0.1 Unarmed Combat
 + Level 2.6 Spellcasting
 + Level 0.1 Conjurations
 + Level 5.3 Hexes
 + Level 0.1 Charms
 + Level 0.1 Summonings
 + Level 0.1 Necromancy
 + Level 0.1 Translocations
 + Level 0.1 Transmutations
 + Level 0.1 Fire Magic
 + Level 0.1 Ice Magic
 + Level 0.1 Air Magic
 + Level 0.1 Earth Magic
 + Level 0.1 Poison Magic
 + Level 0.2 Invocations
 + Level 0.1 Evocations


You had 4 spell levels left.
You knew the following spells:

 Your Spells              Type           Power        Failure   Level  Hunger
a - Corona                Hex            ###....      1%          1    #......


Dungeon Overview and Level Annotations

Branches:
Dungeon (1/15)

Altars:
Elyvilon


Innate Abilities, Weirdness & Mutations

Your experience applies equally to all skills.
You have very sharp teeth.
Your uncanny sense of smell can sniff out nearby items.


Message History

The ball python bites you but does no damage.
The ball python constricts you. The kobold hits you.
* * * LOW HITPOINT WARNING * * *
Firing (i - inventory):
d - 27 arrows (quivered)
Press: ? - help, Shift-Dir - straight line, f/p - ball python
Aim: a ball python (moderately wounded, constricting you)
You shoot an arrow. The arrow hits the ball python!
You kill the ball python!
The bat misses you. The bat closely misses you. The dart slug bites you.
* * * LOW HITPOINT WARNING * * *
The kobold closely misses you.
A goblin comes into view.
Firing (i - inventory):
d - 26 arrows (quivered)
Press: ? - help, Shift-Dir - straight line, f - dart slug
Aim: a dart slug You shoot an arrow.
The arrow barely misses the dart slug.
The arrow hits the goblin.
You kill the goblin!
The bat closely misses you. The bat completely misses you. The kobold hits you.
You die...

#(....#.
....... # #
#.⌠.⌠.#.#
#.........#
.#.....#.# #
.(._....#
#.###.#(w...#.#
#......@Kb....#
####..#.⌠.⌠.#.#
#. ......... #
.#..b..#..
..........g ##
##...#.#.
...#.# ...# #


You could see a dart slug, a goblin, 2 bats and a kobold.

Vanquished Creatures
  A giant cockroach (D:2)
  A goblin (D:2)
  A kobold (D:1)
  A ball python (D:2)
  A rat (D:1)
5 creatures vanquished.

Notes
Turn   | Place    | Note
-------+----------+-------------------------------------------
     0 | D:1      | Iko the Gnoll Arcane Marksman began the quest for the Orb.
     0 | D:1      | Reached XP level 1. HP: 17/17 MP: 4/4
   128 | D:1      | You fall through a shaft!
   128 | D:2      | Found a white marble altar of Elyvilon.
   138 | D:2      | Slain by a kobold

Action                   || total
-------------------------++-------
 Fire: Shortbow          ||    13
Armor: Robe              ||     7
Dodge: Dodged            ||    28
